 Dungeon Crawl Stone Soup version 0.22.1-1-ga44c0e5 (webtiles) character file.

24523 MTVSty1e the Bludgeoner (level 13, -4/87 HPs)
             Began as a Gargoyle Fighter on Oct 24, 2018.
             Was a High Priest of Okawaru.
             Slain by an anaconda (5 damage)
             ... on level 4 of the Lair of Beasts.
             The game lasted 00:24:16 (16382 turns).

MTVSty1e the Bludgeoner (Gargoyle Fighter)         Turns: 16382, Time: 00:24:18

Health: -4/87      AC: 19    Str: 35    XL:     13   Next: 13%
Magic:  19/19      EV:  5    Int:  9    God:    Okawaru [*****.]
Gold:   1526       SH: 10    Dex:  4    Spells: 12/12 levels left

rFire    + + .     SeeInvis .   F - +5 mace (freeze)
rCold    + . .     Gourm    .   c - +0 shield
rNeg     + . .     Faith    .   k - +0 ring mail of Jyby {Str+10 Dex-5 Slay+6}
rPois    ∞         Spirit   .   H - +1 hat {MR+}
rElec    +         Reflect  .   l - scarf {rC+ rF+}
rCorr    .         Harm     .   t - +0 pair of gloves
MR       ++...                  y - +0 pair of boots
Stlth    +.........             (no amulet)
HPRegen  0.24/turn              u - ring of protection from magic
MPRegen  0.16/turn              p - ring of protection from fire

@: constricted
A: horns 1, camouflage 1, blurry vision 1, negative energy resistance 1,
electricity resistance, unbreathing, petrification resistance, rot immunity, AC
+9
a: Heroism, Finesse, Renounce Religion


You were on level 4 of the Lair of Beasts.
You worshipped Okawaru.
Okawaru was extremely pleased with you.
You were not hungry.

You visited 3 branches of the dungeon, and saw 16 of its levels.
You also visited: Bailey.

You collected 1526 gold pieces.

Inventory:

Hand Weapons
 F - a +5 mace of freezing (weapon)
Armour
 c - a +0 shield (worn)
 k - the +0 ring mail of Jyby (worn) {Str+10 Dex-5 Slay+6}
   (You found it on level 10 of the Dungeon)

   It affects your strength (+10).
   It affects your dexterity (-5).
   It affects your accuracy and damage with ranged weapons and melee attacks
   (+6).
 l - a scarf of resistance (worn)
 t - a +0 pair of gloves (worn)
 y - a +0 pair of boots (worn)
 D - a +0 plate armour
 H - a +1 hat of magic resistance (worn)
Jewellery
 g - a +3 ring of dexterity
 p - a ring of protection from fire (right hand)
 u - a ring of protection from magic (left hand)
 w - an uncursed ring of protection from fire
 C - a cursed ring of see invisible {unknown}
 G - an uncursed amulet of rage {unknown}
Wands
 d - a wand of disintegration (28)
 q - a wand of digging (18)
 x - a wand of random effects (69)
 A - a wand of paralysis (16)
 E - a wand of polymorph (11)
Scrolls
 a - 3 scrolls of enchant armour
 b - a scroll of magic mapping
 e - 3 scrolls of teleportation
 i - 3 scrolls of identify
 m - 8 scrolls of remove curse
 v - 2 scrolls of fog
 B - 4 scrolls of enchant weapon
 I - a scroll of fear
Potions
 h - 7 potions of curing
 j - 2 potions of ambrosia
 n - a potion of cancellation
 o - 3 potions of heal wounds
 r - 4 potions of flight
 s - a potion of agility
 z - a potion of haste
Comestibles
 f - 29 rations


   Skills:
 + Level 12.7 Fighting
 * Level 15.5 Maces & Flails
 + Level 6.6 Armour
 - Level 3.2 Shields
 * Level 8.1 Invocations


You had 12 spell levels left.
You didn't know any spells.
Your spell library contained the following spells:

 Spells                   Type           Power        Failure   Level  Hunger
 Beastly Appendage        Tmut           #.....       94%         1    ##.....
 Freeze                   Ice            #...         94%         1    ##.....
 Magic Dart               Conj           #...         94%         1    ##.....
 Summon Small Mammal      Summ           #...         94%         1    ##.....
 Blink                    Tloc           N/A          98%         2    ###....
 Call Imp                 Summ           #.......     98%         2    ###....
 Searing Ray              Conj           #.....       98%         2    ###....
 Slow                     Hex            #.......     98%         2    ###....
 Sticks to Snakes         Tmut           #.......     98%         2    ###....
 Throw Frost              Conj/Ice       #.....       98%         2    ###....
 Call Canine Familiar     Summ           #.......     100%        3    ####...
 Conjure Flame            Conj/Fire      #.......     100%        3    ####...
 Dazzling Spray           Conj/Hex       #.....       100%        3    ####...
 Mephitic Cloud           Conj/Pois/Air  #.......     100%        3    ####...
 Ozocubu's Armour         Chrm/Ice       #.......     100%        3    ####...
 Spider Form              Tmut/Pois      #.........   100%        3    ####...
 Summon Guardian Golem    Hex/Summ       #.......     100%        3    ####...
 Force Lance              Conj/Tloc      #.......     100%        4    #####..
 Fulminant Prism          Conj/Hex       #.........   100%        4    #####..
 Ice Form                 Ice/Tmut       #.......     100%        4    #####..
 Iskenderun's Mystic Bla  Conj           #.......     100%        4    #####..
 Summon Ice Beast         Ice/Summ       #.......     100%        4    #####..
 Summon Lightning Spire   Summ/Air       #.......     100%        4    #####..
 Throw Icicle             Conj/Ice       #.......     100%        4    #####..
 Blade Hands              Tmut           #.........   100%        5    ######.


Dungeon Overview and Level Annotations

Branches:
Dungeon (11/15)            Temple (1/1) D:7            Lair (4/6) D:11
  Swamp (0/4) Lair:3        Snake (0/4) Lair:2          Orc (0/2) D:9

Altars:
Ashenzari
Cheibriados
Dithmenos
Elyvilon
Fedhas
Gozag
Hepliaklqana
Kikubaaqudgha
Makhleb
Nemelex Xobeh
Okawaru
Qazlal
Ru
Sif Muna
Trog
Uskayaw
Vehumet
Wu Jian
Xom
Yredelemnul
Zin
The Shining One

Shops:
D:4 [   D:6 *   D:7 *   D:8 *   D:9 **

Annotations:
D:9 3 runed doors, Lauz's ghost, novice DsGl
Lair:1 exclusion: oklob plant


Innate Abilities, Weirdness & Mutations

You are resistant to torment.
Your stone body is resilient. (AC +9)
You are immune to poison.
You resist negative energy. (rN+)
You are resistant to electric shocks. (rElec)
You can survive without breathing.
You are immune to petrification.
You are immune to rotting.
You have a pair of small horns on your head.
Your skin changes colour to match your surroundings (Stealth+).
Scrolls take you a little longer to read.


Message History

The anaconda barely misses you. The anaconda constricts you.
You block the bullfrog's attack.
The black mamba bites you but does no damage.
The black mamba bites you!
* * * LOW HITPOINT WARNING * * *
Really read with blurry vision while enemies are nearby?
The black mamba bites you.
* * * LOW HITPOINT WARNING * * *
The anaconda bites you but does no damage.
* * * LOW HITPOINT WARNING * * *
The anaconda constricts you. The bullfrog barely misses you.
The black mamba bites you but does no damage. x2
You begin reading the scroll.
You continue reading the scroll.
You block the black mamba's attack. The black mamba bites you!
* * * LOW HITPOINT WARNING * * *
You block the black mamba's attack.
The bullfrog hits you but does no damage.
The anaconda bites you.
* * * LOW HITPOINT WARNING * * *
You die...

..........P.......
..........>...... .
...#............. ..
####.......##..#..#.
..##)#...####..#...#..#
#...#..##..#......####
..S#.....#...#..#
...###S#...††###.####
.../.SS@.##.##.#.###
.#..#.FSS.....≈†P.≈#
###.....≈..≈≈≈≈#####
##.....≈≈≈≈≈≈#.##.
#.#...≈≈≈≈≈≈≈.#...
#....P≈≈≈.≈<....#..
.....#.###.P....###.
......## ##..P...##.
....# ##P#.####.


You could see an anaconda, 3 black mambas, 2 water moccasins and a bullfrog.

Vanquished Creatures
  A hydra (Lair:2)
  3 two-headed ogres
  A queen ant (Lair:2)
  An unseen horror (D:10)
  A cyclops (D:11)
  2 black mambas
  A gargoyle (D:10)
  6 spiny frogs
  4 komodo dragons
  A troll (D:10)
  2 hornets (D:8)
  A polar bear (D:8)
  11 blink frogs
  6 hippogriffs
  2 wyverns
  6 yaks
  Eustachio (D:5)
  14 water moccasins
  7 soldier ants
  A naga (Lair:2)
  7 porcupines
  A hornet zombie (D:10)
  6 ice beasts
  2 black bears
  3 orc warriors
  5 sky beasts
  4 ogres
  A centaur (D:10)
  A wolf (D:8)
  8 crocodiles
  8 gnoll sergeants (Bailey)
  14 bullfrogs
  7 scorpions
  10 killer bees
  13 wights
  3 howler monkeys (D:11)
  4 electric eels
  A centaur zombie (D:6)
  2 crimson imps
  2 bullfrog zombies
  4 hounds
  5 orc priests
  3 bullfrog skeletons
  4 centaur skeletons
  6 gnoll shamans (Bailey)
  2 jellies
  3 iguanas
  7 orc wizards
  36 worker ants
  A bullfrog simulacrum (D:8)
  2 hound zombies
  A hound skeleton (D:8)
  A worker ant zombie (D:10)
  2 howler monkey skeletons
  25 gnolls
  7 adders
  A hound simulacrum (D:8)
  5 shadow imps
  6 white imps (D:8)
  3 oozes
  An ufetubus (D:8)
  An adder zombie (D:9)
  An adder skeleton (D:7)
  3 worms
  An adder simulacrum (D:8)
  A dart slug (D:2)
  4 leopard geckos
  24 orcs
  6 giant cockroaches
  12 goblins
  3 hobgoblins
  7 jackals
  4 quokkas
  11 bats
  5 frilled lizards
  5 kobolds
  13 rats
400 creatures vanquished.

Vanquished Creatures (others)
  A quokka simulacrum (D:8)
  A quokka skeleton (D:8)
  34 fungi
  8 plants (D:11)
44 creatures vanquished.

Grand Total: 444 creatures vanquished

Notes
Turn   | Place    | Note
-------+----------+-------------------------------------------
     0 | D:1      | MTVSty1e the Gargoyle Fighter began the quest for the Orb.
     0 | D:1      | Reached XP level 1. HP: 14/14 MP: 1/1
   357 | D:1      | Reached XP level 2. HP: 19/19 MP: 2/2
   506 | D:1      | Reached skill level 3 in Maces & Flails
   614 | D:1      | Reached XP level 3. HP: 24/24 MP: 3/3
   915 | D:2      | Found a blossoming altar of Fedhas.
   982 | D:2      | Reached XP level 4. HP: 29/29 MP: 4/4
  1031 | D:2      | Reached skill level 4 in Maces & Flails
  1599 | D:3      | Reached XP level 5. HP: 34/34 MP: 5/5
  2164 | D:3      | Noticed a moth of wrath
  2167 | D:3      | Found a bloodstained altar of Trog.
  2699 | D:4      | Reached skill level 5 in Maces & Flails
  2713 | D:4      | Found an ancient bone altar of Kikubaaqudgha.
  2769 | D:4      | Reached XP level 6. HP: 36/40 MP: 6/6
  2934 | D:4      | Found Akhoblupn's Antique Armour Boutique.
  3017 | D:4      | Reached skill level 5 in Fighting
  3319 | D:4      | Found a shimmering altar of Xom.
  3391 | D:4      | Reached skill level 6 in Maces & Flails
  3402 | D:4      | Reached XP level 7. HP: 34/44 MP: 7/7
  3779 | D:5      | Entered Level 5 of the Dungeon
  3985 | D:5      | Noticed Eustachio
  4006 | D:5      | Killed Eustachio
  4195 | D:5      | Reached skill level 7 in Maces & Flails
  4197 | D:5      | Found a glowing golden altar of the Shining One.
  4302 | D:6      | Found a stormy altar of Qazlal.
  4372 | D:6      | Reached XP level 8. HP: 47/52 MP: 8/8
  4446 | D:6      | Found a snail-covered altar of Cheibriados.
  4449 | D:6      | Found Gozag's Platinum Reserve.
  4451 | D:6      | Found an opulent altar of Gozag.
  4672 | D:7      | Found a staircase to the Ecumenical Temple.
  4682 | Temple   | Entered the Ecumenical Temple
  4830 | D:7      | Reached skill level 8 in Maces & Flails
  5470 | D:7      | Reached skill level 9 in Maces & Flails
  5625 | D:7      | Found Bigilich's General Store.
  5632 | D:7      | Noticed a hippogriff
  5642 | D:7      | Killed a hippogriff
  5642 | D:7      | Reached XP level 9. HP: 53/59 MP: 9/9
  6111 | D:8      | Found Hajikhla's Demolitions Depot.
  6139 | D:8      | Reached skill level 10 in Maces & Flails
  6146 | D:8      | Noticed a polar bear
  6156 | D:8      | Gained mutation: Scrolls take you a little longer to read.
                  | [potion of mutation]
  6156 | D:8      | Gained mutation: Your skin changes colour to match your
                  | surroundings (Stealth+). [potion of mutation]
  6156 | D:8      | Gained mutation: You have a pair of small horns on your
                  | head. [potion of mutation]
  6170 | D:8      | Killed a polar bear
  6586 | D:8      | Found a sparkling altar of Nemelex Xobeh.
  6678 | D:8      | Found a basalt altar of Yredelemnul.
  6767 | D:8      | Found a shadowy altar of Dithmenos.
  7037 | D:8      | Reached skill level 11 in Maces & Flails
  7093 | D:8      | Noticed a hornet
  7093 | D:8      | Noticed a hornet
  7109 | D:8      | Killed a hornet
  7109 | D:8      | Reached XP level 10. HP: 55/66 MP: 10/10
  7738 | D:9      | Found a burning altar of Makhleb.
  7799 | D:9      | Found a runed gate.
  7799 | D:9      | Found a runed gate.
  7799 | D:9      | Found a runed gate.
  7804 | D:9      | Noticed a yaktaur captain
  7806 | D:9      | Noticed Lauz's ghost (novice DsGl)
  8048 | D:9      | Identified the +3 rapier "Udecefos" {pierce, Str+3 Int+6
                  | Dex-2} (You found it on level 9 of the Dungeon)
  8067 | D:9      | Reached skill level 12 in Maces & Flails
  8075 | D:9      | Found Lenne's Assorted Antiques.
  8126 | D:9      | Found an iron altar of Okawaru.
  8290 | D:9      | Reached skill level 10 in Fighting
  8930 | D:9      | Found a staircase to the Orcish Mines.
  8939 | D:9      | Found Zin's Purification Station.
  8941 | D:9      | Found a glowing silver altar of Zin.
  9021 | D:9      | Became a worshipper of Warmaster Okawaru
  9028 | D:10     | Entered Level 10 of the Dungeon
  9276 | D:10     | Noticed a gargoyle
  9295 | D:10     | Got a warped ring mail
  9302 | D:10     | Killed a gargoyle
  9342 | D:10     | Identified the +0 ring mail of Jyby {Str+10 Dex-5 Slay+6}
                  | (You found it on level 10 of the Dungeon)
  9490 | D:10     | Reached * piety under Okawaru
  9490 | D:10     | Reached skill level 13 in Maces & Flails
  9490 | D:10     | Reached XP level 11. HP: 73/73 MP: 11/11
  9516 | D:10     | Noticed a two-headed ogre
  9524 | D:10     | Killed a two-headed ogre
  9749 | D:10     | Killed an unseen horror
  9749 | D:10     | Reached ** piety under Okawaru
 10171 | D:10     | Noticed a two-headed ogre
 10177 | D:10     | Killed a two-headed ogre
 10412 | D:11     | Noticed a cyclops
 10422 | D:11     | Killed a cyclops
 10428 | D:11     | Noticed a two-headed ogre
 10435 | D:11     | Killed a two-headed ogre
 10435 | D:11     | Reached *** piety under Okawaru
 10435 | D:11     | Reached skill level 14 in Maces & Flails
 10631 | D:11     | Found a flagged portal.
 10648 | Bailey   | Entered a bailey
 10655 | Bailey   | Reached skill level 1 in Invocations
 11996 | D:11     | Reached **** piety under Okawaru
 12008 | D:11     | Found a staircase to the Lair.
 12427 | Lair:1   | Entered Level 1 of the Lair of Beasts
 12447 | Lair:1   | Reached XP level 12. HP: 79/81 MP: 14/14
 13787 | Lair:2   | Noticed a six-headed hydra
 13852 | Lair:2   | Killed a six-headed hydra
 13852 | Lair:2   | Reached ***** piety under Okawaru
 13852 | Lair:2   | Reached skill level 5 in Armour
 13852 | Lair:2   | Reached skill level 5 in Invocations
 13976 | Lair:2   | Found a staircase to the Snake Pit.
 14063 | Lair:2   | Noticed a queen ant
 14450 | Lair:2   | Reached skill level 15 in Maces & Flails
 14466 | Lair:2   | Killed a queen ant
 15335 | Lair:3   | Received a gift from Okawaru
 15860 | Lair:3   | Found a staircase to the Swamp.
 16098 | Lair:4   | Reached XP level 13. HP: 87/87 MP: 18/18
 16382 | Lair:4   | HP: 2/87 [black mamba (11)]
 16382 | Lair:4   | Slain by an anaconda

Skill      XL: |  1  2  3  4  5  6  7  8  9 10 11 12 13 |
---------------+----------------------------------------+-----
Maces & Flails | 3 4 5 6 7 9 11 13 14 15 | 15.5
Fighting       | 4 5 6 8 9 10 11 12 | 12.7
Invocations    | 3 7 8 |  8.1
Armour         | 4 6 |  6.6
Shields        | |  3.2

Action                   |  1- 3 |  4- 6 |  7- 9 | 10-12 | 13-15 || total
-------------------------+-------+-------+-------+-------+-------++-------
Melee: Flail             |    40 |       |       |       |       ||    40
       Mace              |    74 |   178 |   339 |   717 |    51 ||  1359
       Headbutt          |       |       |    12 |   133 |     9 ||   154
Invok: Heroism           |       |       |       |     5 |       ||     5
  Use: Scroll            |     1 |     3 |    12 |     6 |       ||    22
       Potion            |       |     4 |     8 |     3 |       ||    15
  Eat: Ration            |       |     2 |     3 |     9 |       ||    14
       Chunk             |       |     1 |     1 |     1 |       ||     3
Armor: Scale mail        |    79 |   112 |   102 |       |       ||   293
       Plate armour      |       |       |   121 |   124 |       ||   245
       Skin              |       |       |    27 |       |       ||    27
       Ring mail         |       |       |       |   211 |    35 ||   246
Dodge: Dodged            |    47 |    72 |    95 |   159 |    15 ||   388
Block: Shield            |    52 |    96 |   168 |   329 |    30 ||   675
